 Dungeon Crawl Stone Soup version 0.31-a0-263-ge8cad7f256 (webtiles) character file.

Game seed: 9077218984522876108

236 ragingrage the Ruffian (level 5, -1/48 HPs)
             Began as a Troll Shapeshifter on July 13, 2023.
             Slain by Natasha (3 damage)
             ... on level 3 of the Dungeon.
             The game lasted 00:01:21 (1630 turns).

ragingrage the Ruffian (Troll Shapeshifter)         Turns: 1630, Time: 00:01:21

Health: -1/48      AC:  4    Str: 25    XL:     5   Next: 77%
Magic:  4/4        EV:  9    Int:  4    God:
Gold:   142        SH:  0    Dex: 10    Spells: 4/4 levels left

rFire   . .          .
                       - Unarmed
rCold   . . .        (no shield)
rNeg    . . .        a - +0 animal skin
rPois   .            (helmet currently unavailable)
rElec   .            (cloak currently unavailable)
rCorr   .            (gloves unavailable)
SInv    .            (boots unavailable)
Will    .....        (no amulet)
Stlth   +            (no ring)
HPRegen 1.08/turn    (no ring)
MPRegen 0.09/turn

%: no passive effects
@: lethally poisoned (-1 -> -2), beast-form, attractive
A: beast (slay +2), large, unfitting armour, claws 3, regeneration 1, shaggy fur
1, tough skin 1
a: Begin Untransformation


You were on level 3 of the Dungeon.
You were a hulking beast.
You visited 1 branch of the dungeon, and saw 3 of its levels.

You collected 142 gold pieces.

Inventory:

Armour
 a - a +0 animal skin (worn)
Talismans
 c - a beast talisman
 r - a maw talisman
Wands
 q - a wand of polymorph (13)
Scrolls
 d - a scroll of immolation {unknown}
 e - a scroll of amnesia {unknown}
 f - a scroll of silence {unknown}
 g - 2 scrolls of poison {unknown}
 i - 2 scrolls of identify {unknown}
 p - a scroll of fear {unknown}
Potions
 b - 3 potions of lignification
 h - a potion of mutation {unknown}
 j - a potion of heal wounds {unknown}
 k - a potion of attraction
 l - 2 potions of curing {unknown}
 m - a potion of enlightenment {unknown}
 n - 3 potions of ambrosia {unknown}
 o - a potion of magic {unknown}


   Skills:
 - Level 1.5 Fighting
 - Level 1.5 Dodging
 * Level 5.0 Unarmed Combat
 + Level 4.2 Shapeshifting


You had 4 spell levels left.
You didn't know any spells.
Your spell library contained the following spells:

 Spells                   Type           Power      Damage    Failure   Level
 Ozocubu's Armour         Ice            0%         N/A       86%         3
 Ozocubu's Refrigeration  Ice            0%         4d7       100%        7


Dungeon Overview and Level Annotations

Branches:
Dungeon (3/15)

Altars:
Ashenzari
Fedhas
Vehumet

Annotations:
D:3 Natasha


Innate Abilities, Weirdness & Mutations

You are a hulking beast.
Your limbs bulge with bestial killing power. (Slay +2)
You are too large for most types of armour.
You have claws for hands.
Your natural rate of healing is unusually fast.
You are covered in fur. (AC +1)
You have tough skin. (AC +1)


Message History

Natasha stares at you and mumbles some strange words.
You resist with some effort.
You closely miss the goblin. The goblin hits you with a +0 club.
The goblin barely misses you.
The kobold hits you with a +2 whip of venom.
You are poisoned.
You feel very sick.
Natasha mumbles some strange words.
You feel very sick.
The kobold hits you with a +2 whip of venom.
You are more poisoned.
You closely miss the kobold.
You feel very sick.
The cerulean imp hits you from afar with a +1 spear.
The kobold barely misses you. The cerulean imp closely misses you.
You scratch the kobold. Your claw misses the kobold.
You feel yourself speed up.
You feel very sick.
The kobold hits you with a +2 whip of venom.
You are more poisoned.
The cerulean imp misses you.
You miss the kobold. Your claw misses the kobold.
You feel very sick.
The kobold hits you with a +2 whip of venom.
The cerulean imp hits you from afar with a +1 spear.
You scratch the kobold.
You kill the kobold!
You feel very sick.
The cerulean imp hits you from afar with a +1 spear.
* * * LOW HITPOINT WARNING * * *
You closely miss Natasha.
You feel sick. Natasha barely misses you.
The cerulean imp hits you from afar with a +1 spear.
* * * LOW HITPOINT WARNING * * *
You miss Natasha.
You feel sick. Natasha claws you!
* * * LOW HITPOINT WARNING * * *
The cerulean imp hits you but does no damage.
It was a potion of attraction.
You feel attractive to monsters.
You feel sick. Natasha claws you.
You die...

# ## #.####.
#......###
.......#
#..#.#######
#.g5........
##.#h######
#.#h# #.#.#
#.#.# #.#.#
#.#.# #.#.#
#.#.# #.#.#
#.#.##


You could see Natasha and a cerulean imp (summoned).

Vanquished Creatures
  Sigmund (D:3)
  Natasha (D:3)
  2 worms
  2 dart slugs (D:1)
  An orc (D:3)
  2 giant cockroaches (D:1)
  2 goblins
  6 hobgoblins
  2 quokkas
  A ball python (D:2)
  3 bats
  A frilled lizard (D:1)
  5 kobolds
  6 rats
35 creatures vanquished.

Notes
Turn   | Place    | Note
-------+----------+-------------------------------------------
     0 | D:1      | ragingrage the Troll Shapeshifter began the quest for the
                  | Orb.
     0 | D:1      | Reached XP level 1. HP: 19/19 MP: 0/0
   228 | D:1      | Reached XP level 2. HP: 27/27 MP: 1/1
  1139 | D:2      | Found a faded altar of an unknown god.
  1146 | D:2      | Reached XP level 3. HP: 33/33 MP: 2/2
  1461 | D:3      | Noticed Sigmund
  1472 | D:3      | Killed Sigmund
  1473 | D:3      | Reached skill level 4 in Unarmed Combat
  1473 | D:3      | Reached XP level 4. HP: 35/41 MP: 3/3
  1473 | D:3      | Reached XP level 5. HP: 42/48 MP: 4/4
  1536 | D:3      | Found a broken altar of Ashenzari.
  1540 | D:3      | Found a radiant altar of Vehumet.
  1542 | D:3      | Found a blossoming altar of Fedhas.
  1581 | D:3      | Noticed Natasha
  1597 | D:3      | Killed Natasha
  1598 | D:3      | Reached skill level 5 in Unarmed Combat
  1618 | D:3      | Noticed Natasha
  1629 | D:3      | HP: 2/48 [Natasha (7)]
  1630 | D:3      | Slain by Natasha

Illustrated notes

Levels and vault maps discovered:
D:1:      dpeg_arrival_pits, layout_loops_corners
D:2:      layout_basic, shapermc_ecumenical_altar_notcrosses, serial_glass,
          glass_columns_a, glass_columns_c
D:3:      layout_loops_ring, grunt_temple_overflow_open, minmay_between,
          uniq_natasha, uniq_sigmund

Skill      XL: |  1  2  3  4  5 |
---------------+----------------+-----
Unarmed Combat | 4 5 |  5.0
Shapeshifting  | 4 |  4.2
Fighting       | |  1.5
Dodging        | |  1.5

Action                     |  1- 3 |  4- 6 || total
---------------------------+-------+-------++-------
  Melee: Unarmed           |    53 |    32 ||    85
         Punch             |     1 |     1 ||     2
    Use: Potion            |       |     1 ||     1
   Stab: Sleeping          |     1 |       ||     1
 Armour: Animal skin       |    18 |     6 ||    24
  Dodge: Dodged            |    23 |    13 ||    36
         Form:             |     1 |       ||     1
         Beast             |     1 |       ||     1

Table legend: (Time is in decaauts)
 A = Elapsed time spent in this place.
 B = Non-inter-level travel time spent in this place.
 C = Inter-level travel time spent in this place.
 D = Time resting spent in this place.
 E = Time spent auto-exploring this place.
 F = Levels seen in this place.
 G = Mean time per level.
                   A        B        C        D        E       F      G
               +--------+--------+--------+--------+--------+-----+--------+
         Total |   1640 |   1603 |     37 |     14 |   1338 |   3 |  546.7 |
       Dungeon |   1640 |   1603 |     37 |     14 |   1338 |   3 |  546.7 |
               +--------+--------+--------+--------+--------+-----+--------+

Top non-repeatable levels by time:
     D:1: 864 daAuts
     D:2: 594 daAuts
     D:3: 181 daAuts
